 Dungeon Sprint DCSS version 0.15-a0-53-g5e01d95 (webtiles) character file.

784 BluebellGnoll the Eclecticist (level 7, -15/36 HPs)
             Began as a Deep Elf Fire Elementalist on Apr 4, 2014.
             Was the Champion of Sif Muna.
             Killed from afar by a lindwurm (21 damage)
             ... with a blast of flame
             ... in the Dungeon (Sprint VII: "The Pits").
             The game lasted 00:12:26 (1266 turns).

BluebellGnoll the Eclecticist (DEFE)                Turns: 1266, Time: 00:12:26

HP -15/36        AC  2     Str  5      XL: 7   Next: 55%
MP  23/31        EV 13     Int 22      God: Sif Muna [******]
Gold 0           SH  0     Dex 15      Spells:  6 memorised, 19 levels left

rFire  . . .     SeeInvis .     q - +1 dagger (drain)
rCold  . . .     Clarity  .     a - +0 robe
rNeg   . . .     Conserve .     (no shield)
rPois  .         rCorr    .     (no helmet)
rElec  .         rRot     .     (no cloak)
SustAb . .       Spirit   .     (no gloves)
rMut   .         Warding  .     (no boots)
Saprov . . .     NoTele   +     (no amulet)
MR     .....                    (no ring)
                                (no ring)

@: not resistant to hostile enchantments, stealthy
A: no striking features
a: Channel Energy, Forget Spell, Renounce Religion


You were in the Dungeon.
You worshipped Sif Muna.
Sif Muna was exalted by your worship.
You were hungry.

You visited 1 branch

Inventory:

Hand weapons
 j - a +2,+2 dagger
 q - a +1,+1 dagger of draining (weapon)
 r - a +1,+2 long sword of holy wrath
Armour
 a - a +0 robe (worn)
Comestibles
 c - a bread ration
Scrolls
 i - a scroll of blinking
 l - 2 scrolls of vulnerability
 m - 2 scrolls of remove curse
 n - 4 scrolls of amnesia
 o - a scroll of summoning
Potions
 d - 6 potions of curing
 e - 6 potions of heal wounds
 f - a potion of haste
 g - 4 potions of magic
 h - 3 potions of berserk rage
 p - 2 potions of invisibility
Books
 b - a book of Flames

   Spells                             Type                      Level
   *Flame Tongue                      Conjuration/Fire             1
   *Throw Flame                       Conjuration/Fire             2
   *Conjure Flame                     Conjuration/Fire             3
   *Inner Flame                       Hexes/Fire                   3
   *Sticky Flame                      Conjuration/Fire             4
   *Fireball                          Conjuration/Fire             5
 s - a book of Battle

   Spells                             Type                      Level
   Infusion                           Charms                       1
   Shroud of Golubria                 Charms/Translocation         2
   Song of Slaying                    Charms                       2
   Spectral Weapon                    Hexes/Charms                 3
   Regeneration                       Charms/Necromancy            3


   Skills:
 - Level 2.4 Dodging
 * Level 4.8 Stealth
 + Level 15.7 Spellcasting
 - Level 11.3 Conjurations
 - Level 3.2 Fire Magic


You had 19 spell levels left.
You knew the following spells:

 Your Spells              Type           Power        Failure   Level  Hunger
a - Flame Tongue          Conj/Fire      #####        1%          1    None
b - Throw Flame           Conj/Fire      #####.       1%          2    None
c - Conjure Flame         Conj/Fire      #####...     1%          3    None
d - Inner Flame           Hex/Fire       ###.....     6%          3    None
e - Sticky Flame          Conj/Fire      #####...     1%          4    None
f - Fireball              Conj/Fire      #####.....   6%          5    #......


Dungeon Overview and Level Annotations

Branches:
Dungeon (1/1)

Altars:
Ashenzari
Cheibriados
Dithmenos
Elyvilon
Fedhas
Kikubaaqudgha
Makhleb
Nemelex Xobeh
Okawaru
Sif Muna
Trog
Vehumet
Xom
Yredelemnul
Zin
The Shining One
Beogh
Jiyva
Lugonu


Message History

Confirm with . or Enter, or press ? or * to list all spells.
Aiming: Flame Tongue
Press: ? - help, Shift-Dir - straight line, f - deep elf fighter
Aim: a deep elf fighter, wielding a long sword The flame hits the deep elf fighter.
The deep elf fighter is severely wounded.
The deep elf fighter casts a spell at you.
The magic dart hits you!
* * * LOW HITPOINT WARNING * * *
Casting: Flame Tongue
Confirm with . or Enter, or press ? or * to list all spells.
Aiming: Inner Flame
Press: ? - help, Shift-Dir - straight line, f/p - deep elf fighter
Aim: a deep elf fighter, wielding a long sword (severely wounded)
The deep elf fighter is filled with an inner flame.
The lindwurm breathes flames at you. The blast of flame hits you!
One of your 5 scrolls of amnesia catches fire!
Ouch! That really hurt!
You die...

#.#........##.......#
#.#........##.......#
#'###########.......#
#.......#..##########
#...#...#%# ####
#...#...#.#....#
#.##.##.#'#l...#
#...#...#.§e...+
#...#...#@#
#.......'.#
###########


You could see a lindwurm and a deep elf fighter (inner flame).

Vanquished Creatures
  A hungry ghost (D)
  A porcupine (D)
  An ice beast (D)
  A phantom (D)
  A brain worm (D)
  Blork the orc (D)
  4 wights (D)
  A quasit (D)
  An adder (D)
  An ooze (D)
  An orc (D)
  A ball python (D)
  A giant cockroach (D)
  2 hobgoblins (D)
  A bat (D)
  A giant newt skeleton (D)
  A goblin skeleton (D)
  2 jackals (D)
  A quokka (D)
  A rat (D)
25 creatures vanquished.

Notes
Turn   | Place    | Note
--------------------------------------------------------------
     0 | D        | BluebellGnoll, the Deep Elf Fire Elementalist, began the quest for the Orb.
     0 | D        | Reached XP level 1. HP: 10/10 MP: 5/5
    10 | D        | Reached skill level 4 in Spellcasting
    33 | D        | Found a shadowy altar of Dithmenos.
    33 | D        | Found a basalt altar of Yredelemnul.
    33 | D        | Found a glowing golden altar of the Shining One.
    33 | D        | Found a deep blue altar of Sif Muna.
    33 | D        | Found a burning altar of Makhleb.
    33 | D        | Found an ancient bone altar of Kikubaaqudgha.
    33 | D        | Found a glowing silver altar of Zin.
    34 | D        | Found a bloodstained altar of Trog.
    34 | D        | Found a shattered altar of Ashenzari.
    34 | D        | Found a white marble altar of Elyvilon.
    34 | D        | Found a snail-covered altar of Cheibriados.
    34 | D        | Found a blossoming altar of Fedhas.
    34 | D        | Found a radiant altar of Vehumet.
    34 | D        | Found a shimmering altar of Xom.
    34 | D        | Found a sparkling altar of Nemelex Xobeh.
    34 | D        | Found a corrupted altar of Lugonu.
    34 | D        | Found a viscous altar of Jiyva.
    34 | D        | Found a roughly hewn altar of Beogh.
    34 | D        | Found an iron altar of Okawaru.
    37 | D        | Became a worshipper of Sif Muna the Loreminder
   154 | D        | Noticed a brain worm
   162 | D        | Killed a brain worm
   162 | D        | Acquired Sif Muna's first power
   162 | D        | Acquired Sif Muna's second power
   162 | D        | Reached skill level 10 in Spellcasting
   162 | D        | Reached XP level 2. HP: 6/15 MP: 0/18
   162 | D        | Reached XP level 3. HP: 7/19 MP: 0/20
   162 | D        | Reached XP level 4. HP: 8/24 MP: 0/23
   166 | D        | Learned a level 2 spell: Throw Flame
   170 | D        | Learned a level 3 spell: Conjure Flame
   174 | D        | Learned a level 3 spell: Inner Flame
   179 | D        | Learned a level 4 spell: Sticky Flame
   624 | D        | Noticed a quasit
   624 | D        | Noticed a wight
   624 | D        | Noticed a wight
   624 | D        | Noticed a wight
   624 | D        | Noticed a wight
   627 | D        | Noticed a porcupine
   640 | D        | Killed a quasit
   640 | D        | Reached skill level 11 in Spellcasting
   727 | D        | Killed a porcupine
   727 | D        | Acquired Sif Muna's third power
   727 | D        | Reached skill level 12 in Spellcasting
   727 | D        | Reached XP level 5. HP: 28/28 MP: 17/26
   737 | D        | Learned a level 5 spell: Fireball
   752 | D        | Killed a wight
   752 | D        | Reached XP level 6. HP: 32/32 MP: 10/28
   754 | D        | Killed a wight
   754 | D        | Reached skill level 13 in Spellcasting
   756 | D        | Killed a wight
   761 | D        | Killed a wight
   912 | D        | Noticed a phantom
   922 | D        | Killed a phantom
   922 | D        | Received a gift from Sif Muna
   922 | D        | Reached skill level 14 in Spellcasting
   922 | D        | Reached skill level 10 in Conjurations
   980 | D        | Noticed a hungry ghost
   987 | D        | Killed a hungry ghost
   987 | D        | Reached XP level 7. HP: 24/36 MP: 11/31
  1097 | D        | Noticed Blork the orc
  1097 | D        | Noticed an ice beast
  1104 | D        | Killed an ice beast
  1104 | D        | Reached skill level 15 in Spellcasting
  1106 | D        | Killed Blork the orc
  1262 | D        | Noticed a hound
  1262 | D        | Noticed a lindwurm
  1264 | D        | Noticed a deep elf fighter
  1266 | D        | Killed from afar by a lindwurm

Action                   |  1- 3 |  4- 6 |  7- 9 || total
-------------------------+-------+-------+-------++-------
Melee: Trident           |     2 |     1 |       ||     3
 Cast: Flame Tongue      |     6 |    53 |    13 ||    72
       Conjure Flame     |       |     4 |     2 ||     6
       Throw Flame       |       |     6 |       ||     6
       Sticky Flame      |       |     4 |       ||     4
       Inner Flame       |       |       |     2 ||     2
       Fireball          |       |       |     1 ||     1
 Stab: Sleeping          |     2 |     1 |       ||     3
